 Dungeon Crawl Stone Soup version 0.14-a0-1527-g89529d6 (webtiles) character file.

318 4tharraofdagon the Firebug (level 5, -9/42 HPs)
             Began as a Naga Fire Elementalist on Dec 17, 2013.
             Mangled by an orc
             ... wielding a +0,+1 orcish falchion
              (11 damage)
             ... on Level 4 of the Dungeon.
             The game lasted 00:07:16 (1173 turns).

4tharraofdagon the Firebug (Naga Fire Elementalist) Turns: 1173, Time: 00:07:17

HP  -9/42        AC  2     Str 10      XL: 5   Next: 79%
MP   0/10        EV 10     Int 21      God:
Gold 117         SH  0     Dex 12      Spells:  3 memorised,  1 level left

rFire  . . .     SeeInvis +     t - +0 long sword
rCold  . . .     Clarity  .     e - +0 orc robe
rNeg   . . .     Conserve .     (no shield)
rPois  +         rCorr    .     (no helmet)
rElec  .         rRot     .     (no cloak)
SustAb . .       Spirit   .     (no gloves)
rMut   .         Warding  .     (no barding)
Saprov . . .     Stasis   .     (no amulet)
                                (no ring)
                                k - +5 ring of intelligence

@: short of breath, very slightly contaminated, hasted, quick, slightly
resistant to hostile enchantments, stealthy
A: spit poison, see invisible, deformed body, poison resistance, slowness 2, AC
+1
a: Spit Poison


You were on level 4 of the Dungeon.
You were very hungry.

You visited 1 branch of the dungeon, and saw 4 of its levels.

You collected 117 gold pieces.

Inventory:

Hand weapons
 g - a +0,+0 short sword
 t - a +0,+0 long sword (weapon)
Missiles
 l - 16 darts of flame (quivered)
Armour
 a - a +0 robe
 e - a +0 orcish robe (worn)
Comestibles
 c - a bread ration
 j - 3 meat rations
Scrolls
 f - 2 scrolls of remove curse
 h - 2 scrolls of identify
 i - a scroll of enchant weapon II {unknown}
 o - a scroll of enchant weapon I {unknown}
 p - a scroll of magic mapping {unknown}
 q - a scroll of fog {unknown}
 s - 2 scrolls of recharging {unknown}
Jewellery
 k - a +5 ring of intelligence (left hand)
Potions
 d - a potion of porridge
 m - 2 potions of degeneration
Books
 b - a book of Flames

   Spells                             Type                      Level
   *Flame Tongue                      Conjuration/Fire             1
   Throw Flame                        Conjuration/Fire             2
   *Conjure Flame                     Conjuration/Fire             3
   Inner Flame                        Hexes/Fire                   3
   *Sticky Flame                      Conjuration/Fire             4
   Fireball                           Conjuration/Fire             5


   Skills:
 - Level 1.5 Dodging
 - Level 3.0 Stealth
 + Level 2.8 Spellcasting
 * Level 3.5 Conjurations
 * Level 4.6 Fire Magic


You had one spell level left.
You knew the following spells:

 Your Spells              Type           Power        Failure   Level  Hunger
a - Flame Tongue          Conj/Fire      ###..        2%          1    None
b - Conjure Flame         Conj/Fire      ###.....     10%         3    ###....
c - Sticky Flame          Conj/Fire      ###.....     28%         4    ####...


Dungeon Overview and Level Annotations

Branches:
Dungeon (4/16)
 Temple: D:4-7

Altars:


Innate Abilities, Weirdness & Mutations

You cannot wear boots.
You can spit poison.
Your serpentine skin is tough (AC +1).
You have supernaturally acute eyesight.
Armour fits poorly on your strangely shaped body.
Your system is resistant to poisons.
You cover ground very slowly.


Message History

The orc is moderately wounded.
The orc barely misses you.
You closely miss the orc.
The orc is moderately wounded.
You have got your breath back.
The orc hits you with an orcish falchion.
* * * LOW HITPOINT WARNING * * *
Drink which item? (? for menu, Esc to quit)
You feel yourself speed up.
The orc hits you with an orcish falchion.
* * * LOW HITPOINT WARNING * * *
You are very lightly contaminated with residual magic.
Unknown command.
Unknown command.
Use which ability? (? or * to list)
Press: ? - help, Shift-Dir - straight line, f/p - orc
Aim: an orc, wielding an orcish falchion (moderately wounded)
The splash of poison misses the orc.
You feel slightly more hungry.
The orc hits you with an orcish falchion!
You die...

####### #......
#####'##### ####
#.......... ..#
#.......... # #.#
#.......... ...
#@######..)....... ....
#o##.............. .....
#.##.....###'#####
.....o.##)##.....###.#####
...>..o'...'.....'........
.......#####.....###)###..
....o #.....# #.#.... ....
......(...##.#.#.. ...
#########.##.#.#..


You could see an orc.

Vanquished Creatures
  2 orc priests (D:4)
  A hound (D:4)
  A worker ant (D:4)
  An orc wizard (D:4)
  An adder (D:2)
  A worm (D:2)
  7 orcs
  A ball python (D:2)
  3 giant cockroaches
  8 goblins
  6 hobgoblins
  2 jackals
  3 bats
  A giant newt (D:1)
  4 kobolds
  4 rats (D:3)
46 creatures vanquished.

Notes
Turn   | Place    | Note
--------------------------------------------------------------
     0 | D:1      | 4tharraofdagon, the Naga Fire Elementalist, began the quest for the Orb.
     0 | D:1      | Reached XP level 1. HP: 15/15 MP: 3/3
   118 | D:1      | Reached XP level 2. HP: 16/22 MP: 0/4
   264 | D:2      | Reached XP level 3. HP: 20/28 MP: 0/6
   269 | D:2      | Learned a level 3 spell: Conjure Flame
   806 | D:4      | Reached XP level 4. HP: 24/36 MP: 0/8
   910 | D:4      | Reached skill level 4 in Fire Magic
   915 | D:4      | Reached XP level 5. HP: 11/42 MP: 3/9
  1050 | D:4      | Learned a level 4 spell: Sticky Flame
  1170 | D:4      | HP: 2/42 [orc/orcish falchion (5)]
  1173 | D:4      | Mangled by an orc

Action                   |  1- 3 |  4- 6 || total
-------------------------+-------+-------++-------
Melee: Unarmed           |     8 |       ||     8
       Short sword       |    25 |     6 ||    31
       Long sword        |       |     1 ||     1
 Cast: Flame Tongue      |    41 |    23 ||    64
 Abil: Spit Poison       |    32 |     7 ||    39
  Use: Potion            |     6 |     2 ||     8
       Scroll            |       |     2 ||     2
